 Dungeon Crawl Stone Soup version 0.17-a0-2064-g265a032 (webtiles) character file.

324076 Kidiri the Tortoise (level 20, -7/164 HPs)
             Began as a Minotaur Fighter on Oct 12, 2015.
             Was a High Priest of Okawaru.
             Killed from afar by an acid blob (9 damage)
             ... with a splash of acid
             ... on level 3 of the Pits of Slime.
             The game lasted 02:45:49 (49857 turns).

Kidiri the Tortoise (Minotaur Fighter)             Turns: 49857, Time: 02:45:49

Health: -7/164     AC: 11    Str: 26 (28) XL:     20   Next: 70%
Magic:  23/24      EV: 21    Int:  4 (7)  God:    Okawaru [*****.]
Gold:   2718       SH: 34    Dex: 23      Spells: 0 memorised, 19 levels left

rFire  x . .     SeeInvis +     j - +5 eveningstar (flame)
rCold  + . .     Clarity  +     D - +2 plate armour "Vec Keusikaf" {Slay+6}
rNeg   . . .     SustAt   .     H - +8 large shield of Lugonu's Esteem {Dex+2 SInv}
rPois  +         Gourm    .     y - +2 hat
rElec  .         Spirit   .     u - +2 cloak of Goziaveq {rF- Str-2 Int+2 Dex+10}
rCorr  .         Warding  .     P - +2 pair of gloves {archery}
rMut   .         Stasis   .     B - +2 pair of boots
MR     +....                    v - amulet of clarity
Stlth  ..........               S - +3 ring of strength
                                F - ring of poison resistance

@: heroism, corroded equipment, very slightly contaminated, studying Armour,
somewhat resistant to hostile enchantments, extremely unstealthy
A: retaliatory headbutt, horns 2, rugged brown scales 2, see invisible, berserk
1, clumsy 1, cold resistance 1, deterioration 2, frail 1, low mp 1, subdued
magic 2, MP-powered wands
a: Heroism, Finesse, Renounce Religion
}: 2/15 runes: decaying, gossamer


You were on level 3 of the Pits of Slime.
You worshipped Okawaru.
Okawaru was extremely pleased with you.
You were not hungry.

You visited 8 branches of the dungeon, and saw 38 of its levels.
You visited the Abyss 1 time.
You also visited: Sewer, Bailey and Wizlab.

You collected 4316 gold pieces.
You spent 1598 gold pieces at shops.

Inventory:

Hand Weapons
 j - a +5 eveningstar of flaming (weapon)
 Z - the +9 mace of Responsibility {freeze, +Fly}
   (Okawaru gifted it to you on level 8 of the Lair of Beasts)

   It has been specially enchanted to freeze those struck by it, causing extra
   injury to most foes and up to half again as much damage against particularly
   susceptible opponents.
   It can also slow down cold-blooded creatures.
   It lets you fly.
Missiles
 l - 4 tomahawks of returning (quivered)
 r - 5 throwing nets
 X - 26 javelins of returning
Armour
 u - the +2 cloak of Goziaveq (worn) {rF- Str-2 Int+2 Dex+10}
   (You bought it in a shop on level 4 of the Orcish Mines)

   It affects your strength (-2).
   It affects your intelligence (+2).
   It affects your dexterity (+10).
   It makes you vulnerable to fire.
 y - a +2 hat (worn)
 B - a +2 pair of boots (worn)
 D - the +2 plate armour "Vec Keusikaf" (worn) {Slay+6}
   (You bought it in a shop on level 4 of the Orcish Mines)

   It affects your accuracy and damage with ranged weapons and melee attacks
   (+6).
 H - the +8 large shield of Lugonu's Esteem (worn) {Dex+2 SInv}
   (You took it off Louise on level 1 of the Swamp)

   It affects your dexterity (+2).
   It lets you see invisible.
 P - a +2 pair of gloves of archery (worn)
Jewellery
 a - an uncursed ring of positive energy
 o - an uncursed ring of protection from magic
 v - an amulet of clarity (around neck)
 F - a ring of poison resistance (left hand)
 S - a +3 ring of strength (right hand)
Wands
 b - a wand of teleportation (5)
Scrolls
 f - 3 scrolls of fog
 g - 9 scrolls of remove curse
 k - 4 scrolls of enchant armour
 n - 16 scrolls of teleportation
 t - 2 scrolls of vulnerability
 x - 7 scrolls of recharging
 C - 3 scrolls of fear
 G - 4 scrolls of magic mapping
 K - a scroll of blinking
 O - a scroll of brand weapon
 V - a scroll of summoning
 W - 5 scrolls of amnesia
 Y - a scroll of identify
Potions
 d - 7 potions of might
 h - 13 potions of curing
 i - a potion of cure mutation
 m - 7 potions of flight
 p - 7 potions of agility
 q - 5 potions of magic
 w - 6 potions of brilliance
 z - 2 potions of resistance
 A - a potion of berserk rage
 E - a potion of cancellation
 J - 4 potions of haste
 Q - a potion of invisibility
Books
 s - a manual of Armour
Comestibles
 c - 7 fruits
 e - 23 bread rations
 N - 11 beef jerkies


   Skills:
 + Level 13.7(18.7) Fighting
 * Level 18.2(23.2) Maces & Flails
 + Level 11.5(16.5) Throwing
 * Level 19.5(24.5) Armour
 * Level 16.8(21.8) Dodging
 * Level 18.4(23.4) Shields
 + Level 11.7 Invocations


You had 19 spell levels left.
You didn't know any spells.

Dungeon Overview and Level Annotations

Branches:
Dungeon (11/15)            Temple (1/1) D:7            Lair (8/8) D:10
  Swamp (4/4) Lair:4       Spider (4/4) Lair:4        Slime (3/6) Lair:7
    Orc (4/4) D:10            Elf (3/3) Orc:4

Altars:
Ashenzari
Cheibriados
Dithmenos
Elyvilon
Fedhas
Gozag
Kikubaaqudgha
Makhleb
Nemelex Xobeh
Okawaru
Qazlal
Ru
Sif Muna
Trog
Vehumet
Xom
Yredelemnul
Zin
The Shining One

Shops:
D:7 *   D:8 }   Orc:1 }   Orc:4 [([*=   Elf:1 (   Elf:2 *

Portals:
Trove: Elf:3 (show slimy rune of Zot)


Innate Abilities, Weirdness & Mutations

You reflexively headbutt those who attack you in melee.
You have a pair of horns on your head.
You are mostly covered in rugged brown scales (AC +2, +5% HP).
You have supernaturally acute eyesight.
You tend to lose your temper in combat.
You are clumsy. (Dex -2)
Your flesh is cold resistant.
Your body often deteriorates upon taking damage.
You are frail (-10% HP).
Your magical capacity is low (-10% MP).
Your spells are easier to cast, but less powerful.
You expend magic power (3 MP) to strengthen your wands.


Message History

As you read the scroll of blinking, it crumbles to dust.
The acid blob spits acid at you. You block the splash of acid.
The acid corrodes you!
Use which ability?
You gain the combat prowess of a mighty hero.
You feel slightly more hungry.
Unknown command.
The acid blob spits acid at you. You block the splash of acid.
The acid corrodes you! The acid blob spits acid at you.
You block the splash of acid. The acid corrodes you!
The acid blob spits acid at you. The splash of acid hits you!
* * * LOW HITPOINT WARNING * * *
The acid corrodes you!
The acid burns!
* * * LOW HITPOINT WARNING * * *
There is a stone staircase leading up here.
The acid blob spits acid at you. The splash of acid hits you!
You die...

##.............##
##...............#
###.....JJ..##J.....
#....J..###.##.#..ยง.
##....J.## #.###.#...
#### #.....### ##..
##.... ###..## #.#...#
...... ##.J.
##.....###.....##........
....
#........##..@.......
.....JJ
##........##....###...
..... #...............# .
####.. ##..............#
###......#.#....#
#####.#......#......#
.##..........#........#
..............##.......
.....#...#....####.....


You could see 2 acid blobs.

Vanquished Creatures
  Mara (Elf:3)
  Saint Roka (Orc:4)
  Nikola (Spider:4)
  Arachne (Spider:4)
  Jorgrun (Spider:2)
  A lich (Abyss:1)
  Rupert (Lair:6)
  The ghost of derrpe the Severer, an adept DDHu of Elyvilon (Slime:2)
  Asterion (Spider:4)
  2 deep elf blademasters (Elf:3)
  2 deep elf master archers (Elf:3)
  The ghost of aimeelou the Warrior, an adept DsCK of Xom (Swamp:3)
  8 acid blobs
  An Executioner (Abyss:1)
  6 tentacled starspawn (Abyss:1)
  4 thorn hunters (Swamp:3)
  Kirke (Lair:6)
  3 azure jellies
  Wiglaf (Spider:4)
  A deep elf sorcerer (Elf:3)
  Maud (D:10)
  4 emperor scorpions
  2 ghost moths (Spider:4)
  Louise (Swamp:1)
  2 orc warlords (Orc:4)
  A very ugly thing (Abyss:1)
  8 starcursed masses (Abyss:1)
  4 deep elf demonologists (Elf:3)
  Nessos (Lair:6)
  A deep elf annihilator (Elf:3)
  Snorg (Lair:7)
  8 deep elf death magi (Elf:3)
  An orange crystal statue (WizLab)
  Josephine (Orc:3)
  3 deep elf high priests
  Fannar (Lair:1)
  2 entropy weavers
  A great orb of eyes (Slime:1)
  Harold (Orc:2)
  A catoblepas (Lair:8)
  A ghost crab (Swamp:4)
  5 alligators
  19 hydras
  Erica (D:8)
  Erolcha (D:8)
  18 dancing weapons (Elf:2)
  A deep troll shaman (Lair:8)
  A death knight (Abyss:1)
  11 death yaks
  7 small abominations
  An orc high priest (Orc:4)
  A thrashing horror (Abyss:1)
  Urug (D:10)
  14 deep elf knights
  3 hell hogs (Abyss:1)
  A wretched star (Abyss:1)
  The ghost of Ajdolov the Cleaver, a novice FoAK of Lugonu (D:7)
  A giant orange brain (Slime:3)
  2 spriggan druids
  3 shambling mangroves
  A wizard (Swamp:1)
  8 deep elf summoners
  8 swamp dragons
  A lindwurm (Lair:8)
  18 deep elf conjurers
  The ghost of emiel the Cleaver, a novice HOAs of Makhleb (Bailey)
  16 orb spiders
  A hill giant (D:9)
  An oklob plant (Lair:3)
  6 orc sorcerers
  2 griffons
  30 wolf spiders
  11 orc knights
  19 elephants
  A cyclops (D:11)
  4 shining eyes (Slime:1)
  A guardian serpent (shapeshifter) (D:11)
  5 hornets
  A moth of wrath (Spider:4)
  Maurice (D:8)
  2 black mambas
  Joseph (D:10)
  18 spiny frogs
  3 torpor snails
  Psyche (D:8)
  2 eyes of devastation
  11 large abominations (Abyss:1)
  2 smoke demons (Abyss:1)
  9 komodo dragons
  2 kobold demonologists (D:11)
  11 demonic crawlers
  4 fire drakes
  2 ancient zymes (Abyss:1)
  18 jumping spiders
  A polar bear (Lair:8)
  A troll (Orc:4)
  15 deep elf priests
  A polar bear (shapeshifter) (Elf:2)
  5 giant leeches
  A trapdoor spider zombie (D:10)
  12 bog bodies
  A two-headed ogre (D:9)
  18 blink frogs
  An ice dragon zombie (Abyss:1)
  3 raiju (Abyss:1)
  A ynoxinul (Abyss:1)
  5 wraiths (Orc:3)
  42 slime creatures
  2 wyverns
  2 shadows
  18 tarantellas
  37 redbacks
  15 trapdoor spiders
  59 yaks
  31 deep elf fighters
  8 hippogriffs
  A hungry ghost (D:7)
  Eustachio (D:6)
  29 deep elf magi
  6 basilisks
  Grum (D:8)
  15 vampire mosquitoes
  6 spriggans
  3 golden eyes (Slime:2)
  39 swamp worms
  36 wolves
  6 wargs
  13 porcupines
  5 insubstantial wisps (Swamp:4)
  5 eyes of draining
  31 spiders
  11 water moccasins
  2 ice beasts
  A soldier ant (D:11)
  14 swamp drakes
  12 wasps
  17 ogres
  49 orc warriors
  2 sky beasts
  5 centaurs
  15 crocodiles
  4 big kobolds
  A gnoll sergeant (D:9)
  14 giant frogs
  15 killer bees
  4 scorpions
  3 wights (D:11)
  A quasit (D:9)
  An electric eel (Spider:4)
  A crimson imp (Abyss:1)
  A giant frog zombie (D:8)
  3 hounds
  17 jellies
  15 orc priests
  22 orc wizards
  Crazy Yiuf (D:6)
  9 iguanas
  An iron imp (Abyss:1)
  2 giant frog skeletons
  2 centaur skeletons
  26 sheep
  7 hell rats (Lair:2)
  A statue (D:4)
  9 worker ants
  A hound zombie (D:10)
  6 gnolls
  3 worker ant zombies
  13 adders
  25 river rats
  2 shadow imps
  3 oozes (Lair:7)
  2 ufetubi (Abyss:1)
  8 worms
  6 giant geckos
  181 orcs
  2 bats (D:3)
  A bat zombie (D:6)
  6 giant cockroaches
  10 goblins
  6 hobgoblins
  14 jackals
  2 quokkas
  7 ball pythons
  A giant gecko skeleton (D:5)
  11 giant newts
  16 kobolds
  A quokka zombie (D:7)
  33 rats
  2 rat zombies (D:6)
  9 briar patches (Swamp:3)
  3 bushes (D:4)
  A crawling corpse (Elf:3)
  8 plants
1546 creatures vanquished.

Vanquished Creatures (others)
  A hydra (Swamp:4)
  A komodo dragon (Lair:7)
  A jumping spider (Spider:4)
  A trapdoor spider (Spider:4)
  A redback (Spider:2)
  A human (Lair:6)
  2 deep elf fighters (Elf:2)
  A swamp worm (Spider:2)
  A wasp (Swamp:2)
  2 briar patches (Swamp:3)
  A crawling corpse (Elf:3)
  15 fungi
  5 plants
  13 starspawn tentacles (Abyss:1)
  49 starspawn tentacle segments (Abyss:1)
95 creatures vanquished.

Grand Total: 1641 creatures vanquished

Notes
Turn   | Place    | Note
--------------------------------------------------------------
     0 | D:1      | Kidiri the Minotaur Fighter began the quest for the Orb.
     0 | D:1      | Reached XP level 1. HP: 19/19 MP: 0/0
   399 | D:1      | Reached XP level 2. HP: 26/26 MP: 1/1
   614 | D:1      | Reached skill level 1 in Dodging
   792 | D:2      | Reached skill level 4 in Shields
   798 | D:2      | Reached XP level 3. HP: 26/31 MP: 2/2
   890 | D:2      | Found a faded altar to an unknown god.
   924 | D:2      | Found an iron altar of Okawaru.
   934 | D:2      | Became a worshipper of Warmaster Okawaru
  1221 | D:2      | Reached XP level 4. HP: 40/40 MP: 3/3
  2335 | D:4      | Found a radiant altar of Vehumet.
  2337 | D:4      | Noticed a charred statue
  2339 | D:4      | Reached XP level 5. HP: 41/46 MP: 4/4
  2419 | D:4      | Reached skill level 1 in Invocations
  2463 | D:4      | Found a glowing drain.
  2467 | Sewer    | Entered a sewer
  2947 | Sewer    | Reached XP level 6. HP: 49/52 MP: 5/5
  3215 | D:4      | Found a burning altar of Makhleb.
  3215 | D:4      | Found a blossoming altar of Fedhas.
  3219 | D:4      | Found a sacrificial altar of Ru.
  3693 | D:4      | Reached skill level 1 in Throwing
  3923 | D:4      | Reached skill level 5 in Shields
  3930 | D:4      | Reached * piety under Okawaru
  3930 | D:4      | Reached skill level 5 in Armour
  4179 | D:4      | Found a basalt altar of Yredelemnul.
  4537 | D:4      | Killed a charred statue
  4667 | D:5      | Entered Level 5 of the Dungeon
  4937 | D:5      | Reached XP level 7. HP: 58/60 MP: 5/7
  5088 | D:5      | Found a shimmering altar of Xom.
  5907 | D:6      | Found an ancient bone altar of Kikubaaqudgha.
  5939 | D:6      | Noticed Eustachio
  6038 | D:6      | Killed Eustachio
  6038 | D:6      | Reached skill level 5 in Maces & Flails
  6256 | D:6      | Noticed Crazy Yiuf
  6265 | D:6      | Killed Crazy Yiuf
  6582 | D:7      | Found a bloodstained altar of Trog.
  6593 | D:7      | Got a sapphire-studded ring mail
  6604 | D:7      | Identified the +0 ring mail of Omission {Dex+4} (You found it on level 7 of the Dungeon)
  6635 | D:7      | Gained mutation: Your flesh is cold resistant. [potion of mutation]
  6635 | D:7      | Gained mutation: You are agile. (Dex +2) [potion of mutation]
  6635 | D:7      | Gained mutation: You are weak. (Str -2) [potion of mutation]
  6739 | D:7      | Noticed Ajdolov's ghost (novice FoAK)
  6782 | D:7      | Reached XP level 8. HP: 59/67 MP: 6/8
  6851 | D:7      | Found an opulent altar of Gozag.
  6855 | D:7      | Found Gozag's Platinum Reserve.
  6912 | D:7      | Reached skill level 6 in Armour
  6973 | D:7      | Found a staircase to the Ecumenical Temple.
  6980 | Temple   | Entered the Ecumenical Temple
  7250 | D:7      | Reached skill level 5 in Fighting
  7300 | D:7      | Reached skill level 5 in Dodging
  7666 | D:7      | Reached ** piety under Okawaru
  7969 | D:8      | Noticed Erolcha
  7988 | D:8      | Killed Erolcha
  7988 | D:8      | Reached skill level 7 in Maces & Flails
  7988 | D:8      | Reached XP level 9. HP: 37/75 MP: 8/10
  8276 | D:8      | Noticed Maurice
  8357 | D:8      | Killed Maurice
  8357 | D:8      | Reached *** piety under Okawaru
  8598 | D:8      | Noticed Erica
  8610 | D:8      | Killed Erica
  8610 | D:8      | Reached skill level 8 in Armour
  9056 | D:8      | Reached **** piety under Okawaru
  9056 | D:8      | Reached XP level 10. HP: 83/83 MP: 12/12
  9081 | D:8      | Found Wudwexas's Gadget Boutique.
  9149 | D:8      | Noticed Grum
  9171 | D:8      | Killed Grum
  9426 | D:8      | Gained mutation: You are frail (-10% HP). [mutagenic meat]
  9427 | D:8      | Gained mutation: You evolve. [mutagenic meat]
  9428 | D:8      | Gained mutation: Your magical capacity is low (-10% MP). [mutagenic meat]
  9429 | D:8      | Gained mutation: Scrolls take you a little longer to read. [mutagenic meat]
  9430 | D:8      | Gained mutation: You occasionally shout uncontrollably at your foes. [mutagenic meat]
  9754 | D:8      | Reached ***** piety under Okawaru
  9867 | D:8      | Noticed Psyche
  9879 | D:8      | Killed Psyche
 10018 | D:8      | Found a glowing silver altar of Zin.
 10018 | D:8      | Found a sparkling altar of Nemelex Xobeh.
 10337 | D:7      | Killed Ajdolov's ghost
 10480 | D:9      | Reached skill level 9 in Armour
 10521 | D:9      | Found a white marble altar of Elyvilon.
 10593 | D:9      | Lost mutation: You are frail (-10% HP). [potion of cure mutation]
 10593 | D:9      | Lost mutation: Scrolls take you a little longer to read. [potion of cure mutation]
 10593 | D:9      | Lost mutation: Your magical capacity is low (-10% MP). [potion of cure mutation]
 10593 | D:9      | Lost mutation: You evolve. [potion of cure mutation]
 10593 | D:9      | Lost mutation: You are agile. (Dex +2) [potion of cure mutation]
 10594 | D:9      | Lost mutation: You occasionally shout uncontrollably at your foes. [potion of cure mutation]
 10594 | D:9      | Lost mutation: Your flesh is cold resistant. [potion of cure mutation]
 10907 | D:9      | Noticed a hill giant
 10919 | D:9      | Killed a hill giant
 10919 | D:9      | Received a gift from Okawaru
 11131 | D:9      | Found a glowing golden altar of the Shining One.
 11193 | D:10     | Entered Level 10 of the Dungeon
 11294 | D:10     | Noticed Urug
 11313 | D:10     | Killed Urug
 11313 | D:10     | Reached XP level 11. HP: 19/92 MP: 13/13
 11720 | D:10     | Noticed Joseph
 11733 | D:10     | Killed Joseph
 11873 | D:10     | Found a staircase to the Lair.
 12015 | D:10     | Received a gift from Okawaru
 12028 | D:10     | Reached skill level 5 in Invocations
 12161 | D:10     | Found a staircase to the Orcish Mines.
 12464 | D:10     | Noticed Maud
 12482 | D:10     | Killed Maud
 12482 | D:10     | Reached skill level 5 in Throwing
 12482 | D:10     | Reached skill level 10 in Armour
 12482 | D:10     | Reached skill level 10 in Shields
 12990 | D:11     | Gained mutation: Your system is resistant to poisons. [potion of mutation]
 12990 | D:11     | Gained mutation: Your flesh is cold resistant. [potion of mutation]
 12990 | D:11     | Gained mutation: You are partially covered in rugged brown scales (AC +1, +3% HP). [potion of mutation]
 13263 | D:11     | Noticed a seven-headed hydra
 13275 | D:11     | Killed a seven-headed hydra
 13275 | D:11     | Reached skill level 10 in Maces & Flails
 13519 | D:11     | Gained mutation: You are mostly covered in rugged brown scales (AC +2, +5% HP). [mutagenic meat]
 13520 | D:11     | Lost mutation: You are weak. (Str -2) [mutagenic meat]
 13863 | D:11     | Received a gift from Okawaru
 13964 | D:11     | Noticed an ice devil
 13993 | D:11     | Received a gift from Okawaru
 14166 | Lair:1   | Entered Level 1 of the Lair of Beasts
 14372 | Lair:1   | Reached XP level 12. HP: 106/106 MP: 15/15
 14923 | Lair:1   | Noticed Fannar
 14960 | Lair:1   | Killed Fannar
 15316 | Lair:2   | Reached skill level 11 in Armour
 17193 | Lair:3   | Identified 2 scrolls of acquirement
 17534 | Lair:3   | Received a gift from Okawaru
 17813 | Lair:3   | Reached skill level 10 in Dodging
 18587 | Lair:4   | Found a hole to the Spider Nest.
 18662 | Lair:4   | Reached XP level 13. HP: 110/116 MP: 16/16
 18921 | Lair:4   | Found a staircase to the Swamp.
 18932 | Lair:4   | Reached skill level 12 in Maces & Flails
 20034 | Lair:5   | Received a gift from Okawaru
 20071 | Lair:5   | Got an encrusted quarterstaff
 20527 | Lair:6   | Noticed Nessos
 20536 | Lair:6   | Killed Nessos
 20998 | Lair:6   | Noticed Rupert
 21026 | Lair:6   | Killed Rupert
 21171 | Lair:6   | Noticed Kirke
 21181 | Lair:6   | Killed Kirke
 21181 | Lair:6   | Received a gift from Okawaru
 21767 | Lair:7   | Found a staircase to the Slime Pits.
 22170 | Lair:7   | Received a gift from Okawaru
 22318 | Lair:7   | Reached skill level 13 in Maces & Flails
 22328 | Lair:7   | Reached skill level 10 in Fighting
 22328 | Lair:7   | Reached XP level 14. HP: 91/127 MP: 18/18
 22781 | Lair:7   | Noticed Snorg
 22794 | Lair:7   | Killed Snorg
 23123 | Lair:8   | Entered Level 8 of the Lair of Beasts
 23242 | Lair:8   | Received a gift from Okawaru
 23341 | Lair:8   | Received a gift from Okawaru
 23342 | Lair:8   | Got a jewelled mace {god gift}
 23348 | Lair:8   | Identified the +9 mace of Responsibility {freeze, +Fly} (Okawaru gifted it to you on level 8 of the Lair of Beasts)
 23957 | Lair:8   | Received a gift from Okawaru
 23996 | Lair:8   | Received a gift from Okawaru
 24376 | Lair:8   | Identified the Reference Book on the Oath
 24467 | Lair:8   | Received a gift from Okawaru
 24820 | Orc:1    | Entered Level 1 of the Orcish Mines
 24847 | Orc:1    | Found Tulahar's Quality Used Wands.
 25204 | Orc:2    | Found a bloodstained altar of Trog.
 25745 | Orc:2    | Noticed Harold
 25758 | Orc:2    | Killed Harold
 26195 | Orc:3    | Noticed Josephine
 26198 | Orc:3    | Found a flagged portal.
 26211 | Orc:3    | Killed Josephine
 26252 | Bailey   | Entered a bailey
 26672 | Bailey   | Received a gift from Okawaru
 26828 | Bailey   | Noticed emiel's ghost (novice HOAs)
 26842 | Bailey   | Killed emiel's ghost
 26842 | Bailey   | Reached XP level 15. HP: 134/134 MP: 20/20
 27175 | Bailey   | Reached skill level 14 in Shields
 27853 | Orc:4    | Entered Level 4 of the Orcish Mines
 27972 | Orc:4    | Found Filir's General Store.
 28068 | Orc:4    | Found a staircase to the Elven Halls.
 28109 | Orc:4    | Bought a scroll of identify for 34 gold pieces
 28109 | Orc:4    | Bought a scroll of enchant weapon for 127 gold pieces
 28148 | Orc:4    | Found Nuyr's Jewellery Emporium.
 28356 | Orc:4    | Found Zalaene's Antique Armour Shoppe.
 28359 | Orc:4    | Noticed Saint Roka
 28379 | Orc:4    | Killed Saint Roka
 28379 | Orc:4    | Received a gift from Okawaru
 28379 | Orc:4    | Received a gift from Okawaru
 28451 | Orc:4    | Got an ancient flail {god gift}
 28452 | Orc:4    | Identified the +5 flail of Urhel {pain, rF+ Dex+3} (Okawaru gifted it to you on level 4 of the Orcish Mines)
 28723 | Orc:4    | Found Tizoho's Antique Armour Shop.
 28831 | Orc:4    | Found Xogikk's Antique Weapon Boutique.
 28876 | Orc:4    | Bought a polished cloak for 256 gold pieces
 28876 | Orc:4    | Bought an embroidered hat for 108 gold pieces
 28886 | Orc:4    | Identified the +2 cloak of Goziaveq {rF- Str-2 Int+2 Dex+10} (You bought it in a shop on level 4 of the Orcish Mines)
 28891 | Orc:4    | Bought a large shield for 121 gold pieces
 29089 | Orc:4    | Bought a warped plate armour for 952 gold pieces
 29099 | Orc:4    | Identified the +2 plate armour "Vec Keusikaf" {Slay+6} (You bought it in a shop on level 4 of the Orcish Mines)
 29655 | Orc:3    | Found an iron altar of Okawaru.
 30234 | Swamp:1  | Entered Level 1 of the Swamp
 30266 | Swamp:1  | Received a gift from Okawaru
 30620 | Swamp:1  | Noticed Louise
 30651 | Swamp:1  | Killed Louise
 30661 | Swamp:1  | Got a blackened large shield
 30740 | Swamp:1  | Identified the +8 large shield of Lugonu's Esteem {Dex+2 SInv} (You took it off Louise on level 1 of the Swamp)
 32536 | Swamp:3  | Noticed aimeelou's ghost (adept DsCK)
 32573 | Swamp:3  | Killed aimeelou's ghost
 32573 | Swamp:3  | Reached XP level 16. HP: 108/144 MP: 15/21
 32691 | Swamp:3  | Noticed a thorn hunter
 32715 | Swamp:3  | Killed a thorn hunter
 32766 | Swamp:3  | Reached skill level 15 in Shields
 33269 | Swamp:3  | Noticed a thorn hunter
 33284 | Swamp:3  | Killed a thorn hunter
 33410 | Swamp:3  | Noticed a thorn hunter
 33418 | Swamp:3  | Killed a thorn hunter
 33542 | Swamp:3  | Reached skill level 15 in Maces & Flails
 33882 | Swamp:4  | Entered Level 4 of the Swamp
 34173 | Swamp:4  | Reached skill level 15 in Armour
 34184 | Swamp:4  | Received a gift from Okawaru
 34382 | Swamp:4  | Received a gift from Okawaru
 34625 | Swamp:4  | Got a decaying rune of Zot
 34920 | Swamp:4  | Received a gift from Okawaru
 35363 | Spider:1 | Entered Level 1 of the Spider Nest
 35508 | Spider:1 | Received a gift from Okawaru
 36112 | Spider:2 | Received a gift from Okawaru
 36369 | Spider:2 | Reached XP level 17. HP: 137/153 MP: 23/23
 36506 | Spider:2 | Noticed Jorgrun
 36518 | Spider:2 | Killed Jorgrun
 36634 | Spider:2 | Reached skill level 16 in Shields
 36740 | Spider:2 | Got a fine mace
 36741 | Spider:2 | Identified the +7 mace "Juzion" {flame, *Rage rElec MP+9 Str+4} (You found it on level 2 of the Spider Nest)
 36887 | Spider:2 | Received a gift from Okawaru
 37470 | Spider:4 | Entered Level 4 of the Spider Nest
 37474 | Spider:4 | Reached skill level 10 in Invocations
 37553 | Spider:4 | Noticed Asterion
 37577 | Spider:4 | Killed Asterion
 37615 | Spider:4 | Gained mutation: You are clumsy. (Dex -2) [potion of mutation]
 37615 | Spider:4 | Gained mutation: Your spells are a little easier to cast, but a little less powerful. [potion of mutation]
 37615 | Spider:4 | Gained mutation: Your magical capacity is low (-10% MP). [potion of mutation]
 37622 | Spider:4 | Received a gift from Okawaru
 37671 | Spider:4 | Noticed Wiglaf
 37671 | Spider:4 | Reached skill level 10 in Throwing
 37684 | Spider:4 | Killed Wiglaf
 37726 | Spider:4 | Received a gift from Okawaru
 38287 | Spider:4 | Noticed Nikola
 38306 | Spider:4 | Killed Nikola
 38343 | Spider:4 | Received a gift from Okawaru
 38472 | Spider:4 | Noticed Arachne
 38488 | Spider:4 | Killed Arachne
 38513 | Spider:4 | Reached skill level 15 in Dodging
 38563 | Spider:4 | Received a gift from Okawaru
 38664 | Spider:4 | Got a gossamer rune of Zot
 39227 | Elf:1    | Entered Level 1 of the Elven Halls
 39231 | Elf:1    | Received a gift from Okawaru
 39388 | Elf:1    | Reached XP level 18. HP: 154/162 MP: 22/22
 39575 | Elf:1    | Found Paiwucic's Weapon Shop.
 39643 | Elf:1    | Received a gift from Okawaru
 40085 | Elf:2    | Found a magical portal.
 40102 | WizLab   | Entered Wucad Mu's Monastery
 40823 | WizLab   | Lost mutation: Your spells are a little easier to cast, but a little less powerful. [potion of beneficial mutation]
 40826 | WizLab   | Reached skill level 17 in Armour
 40826 | WizLab   | Reached XP level 19. HP: 170/170 MP: 23/23
 41524 | Elf:2    | Found Geiry's Assorted Antiques.
 42118 | Elf:2    | Found a huge runed gate.
 42118 | Elf:2    | Found a huge runed gate.
 42119 | Elf:2    | Found a huge runed gate.
 42120 | Elf:2    | Found a huge runed gate.
 42131 | Elf:2    | Found a huge runed gate.
 42707 | Elf:3    | Entered Level 3 of the Elven Halls
 42734 | Elf:3    | Found a portal to a secret trove of treasure.
 43295 | Elf:3    | Received a gift from Okawaru
 43398 | Elf:3    | Received a gift from Okawaru
 43814 | Elf:3    | Reached skill level 18 in Armour
 43828 | Elf:3    | Cast into the Abyss (a deep elf sorcerer)
 43853 | Abyss:1  | Found a corrupted altar of Lugonu.
 44063 | Abyss:1  | Received a gift from Okawaru
 44249 | Abyss:1  | Received a gift from Okawaru
 44403 | Abyss:1  | Reached XP level 20. HP: 124/179 MP: 24/24
 44723 | Abyss:1  | Gained mutation: Your body sometimes deteriorates upon taking damage. [mutagenic meat]
 44724 | Abyss:1  | Lost mutation: Your system is resistant to poisons. [mutagenic meat]
 44725 | Abyss:1  | Gained mutation: You have supernaturally acute eyesight. [mutagenic meat]
 44750 | Abyss:1  | Found a corrupted altar of Lugonu.
 44761 | Elf:3    | Escaped the Abyss
 44890 | Elf:3    | Identified the Guide on Attacks and the Volcanoes
 45062 | Elf:3    | Got a pair of dazzling boots
 45073 | Elf:3    | Identified the cursed +0 pair of boots of the Valley {Int+2 Stlth+} (You found it on level 3 of the Elven Halls)
 45111 | Elf:3    | Identified the Disquisition on Weightlessness and Combat Magic
 45426 | Elf:3    | Noticed Mara
 45430 | Elf:3    | Noticed Kidiri's illusion
 45457 | Elf:3    | Killed Mara
 45457 | Elf:3    | Reached skill level 19 in Armour
 46270 | Slime:1  | Entered Level 1 of the Pits of Slime
 46757 | Slime:1  | Gained mutation: You are frail (-10% HP). [a shining eye]
 46758 | Slime:1  | Gained mutation: You tend to lose your temper in combat. [a shining eye]
 46773 | Slime:1  | Gained mutation: Your body often deteriorates upon taking damage. [a shining eye]
 46775 | Slime:1  | Gained mutation: Your spells are a little easier to cast, but a little less powerful. [a shining eye]
 48140 | Slime:2  | Noticed derrpe's ghost (adept DDHu)
 48146 | Slime:1  | Gained mutation: Your spells are easier to cast, but less powerful. [a shining eye]
 48154 | Slime:1  | Gained mutation: You expend magic power (3 MP) to strengthen your wands. [a shining eye]
 48479 | Slime:2  | Killed derrpe's ghost
 49441 | Slime:3  | Received a gift from Okawaru
 49854 | Slime:3  | HP: 1/164 [acid (8)]
 49857 | Slime:3  | Killed from afar by an acid blob

Vault maps used:
D:1:      dpeg_arrival_round_b, kennysheep_doodads
D:2:      overflow_temple_1_default, ecumenical_altar_2
D:3:      minivault_5
D:4:      gammafunk_temple_overflow_forgotten, vehumet_statue,
          yredelemnul_altar_generic, gup_sewer_entry_bowl, first_bread
D:5:      xom_butterflies
D:6:      lemuel_zombie_altar_kikubaaqudgha, uniq_eustachio,
          uniq_crazy_yiuf_cottage
D:7:      minmay_temple_entry_enclosed_plants, basic_altar, grunt_decor_clamped,
          grunt_ogre_cave, columned_hall_lemuel, nicolae_gozag_zags_fifth_avenue
D:8:      gammafunk_temple_overflow_elements, serial_shops, shop, uniq_maurice,
          uniq_grum, uniq_erolcha, uniq_psyche, uniq_erica
D:9:      lemuel_round_altar, tso_oasis_becter
D:10:     lair_0_dummy, david_orc_4, uniq_urug, uniq_maud, uniq_joseph
Temple:   temple_island_7
Lair:1:   uniq_fannar
Lair:2:   lemuel_ratsnest
Lair:3:   minmay_lair_oklob_items
Lair:4:   minmay_swamp_entry_worms, spider_nest_entry_webs
Lair:6:   infiniplex_staircase_pool_2, uniq_nessos, uniq_kirke, uniq_rupert
Lair:7:   nicolae_slime_entry_slimehenge, minivault_19, uniq_snorg
Lair:8:   grunt_lair_end_beastmaster, grunt_megastairs_2
Swamp:1:  nicolae_swamp_dense_foliage, grunt_hermit_hut, uniq_louise
Swamp:2:  evilmike_swamp_ruin_house_2
Swamp:3:  evilmike_swamp_ruin_rubble_1, swamp_pool1,
          nicolae_swamp_hydra_murder_den
Swamp:4:  swamp, swamp_pool3, infiniplex_staircase_pool
Spider:2: nicolae_spider_mines_3, worms_lemuel, uniq_jorgrun
Spider:4: spider_rune_water, uniq_wiglaf, uniq_nikola, uniq_arachne,
          uniq_asterion
Slime:1:  nicolae_slime_barrier
Slime:3:  nicolae_slime_round_cave
Orc:1:    nicolae_for_you_no_charge
Orc:2:    trog_butcher_becter, uniq_harold
Orc:3:    nicolae_orc_accident_1, enter_bailey_2, nicolae_orc_pool_cavern,
          okawaru_metal_pillars_1_2, uniq_josephine
Orc:4:    grunt_orc_gardens, grunt_orc_garden, grunt_orc_garden,
          grunt_orc_garden, grunt_orc_garden, serial_shops, shop, mines5_lemuel,
          uniq_saint_roka
Elf:1:    eino_elf_arrival_the_gate, serial_shops, nicolae_shop_waterfront,
          kennysheep_underground_church, corexii_checkpoint_b,
          nrook_loot_triangle
Elf:2:    serial_shops, nicolae_shop_competitors_out_of_business, serial_sigils,
          serial_sigils_hangedman_shear, serial_sigils_hangedman_scar,
          infiniplex_enter_wizlab_glasses, elves_outpost_lemuel
Elf:3:    elf_hall_gauntlet_narrow, enter_trove_0, uniq_mara
Abyss:1:  hangedman_relentless_pull
Sewer:    sewer_co_cracked_pipes
Bailey:   bailey_polearm_1, bailey
WizLab:   wizlab_wucad

Action                   |  1- 3 |  4- 6 |  7- 9 | 10-12 | 13-15 | 16-18 | 19-21 || total
-------------------------+-------+-------+-------+-------+-------+-------+-------++-------
Melee: Flail             |    85 |   361 |       |       |       |       |       ||   446
       Morningstar       |       |    25 |   280 |   867 |       |       |       ||  1172
       Eveningstar       |       |       |       |   138 |  1578 |  1153 |   751 ||  3620
       Mace              |       |       |       |       |    69 |    46 |     3 ||   118
Throw: Throwing net      |       |       |       |       |     2 |       |     8 ||    10
       Javelin           |       |       |       |       |       |       |    63 ||    63
Invok: Heroism           |       |       |     4 |     6 |    11 |    13 |    12 ||    46
       Finesse           |       |       |       |     5 |    11 |     9 |     3 ||    28
 Abil: Evoke Flight      |       |       |       |       |     2 |       |     1 ||     3
Evoke: Wand              |       |       |       |       |       |     1 |       ||     1
  Use: Scroll            |       |     9 |     8 |    14 |    11 |    10 |     3 ||    55
       Potion            |       |     3 |     6 |     3 |     2 |     8 |     1 ||    23
 Stab: Distracted        |       |       |       |       |     1 |       |       ||     1
       Held in net/web   |       |       |       |       |     1 |       |       ||     1
       Petrified         |       |       |       |       |     1 |       |       ||     1
       Confused          |       |       |       |       |       |     4 |       ||     4
  Eat: Chunk             |     1 |     7 |     4 |    17 |    19 |     7 |    11 ||    66
       Meat ration       |       |     1 |     1 |     2 |     5 |     4 |     3 ||    16
       Royal jelly       |       |     1 |       |       |       |     1 |       ||     2
       Bread ration      |       |       |     2 |     2 |     1 |     1 |     1 ||     7
       Pizza             |       |       |     1 |     2 |       |       |       ||     3
       Beef jerky        |       |       |     1 |       |       |       |       ||     1
       Fruit             |       |       |       |     1 |       |       |     3 ||     4
